 Dungeon Crawl Stone Soup version 0.31-a0-303-gdc8c9485ea (webtiles) character file.

Game seed: 4587576477468094057

32000 Gelion the Grappler (level 13, -5/156 HPs)
             Began as a Troll Shapeshifter on July 16, 2023.
             Was an Elder of Trog.
             Slain by a cane toad (17 damage)
             ... on level 5 of the Lair of Beasts.
             The game lasted 00:29:45 (12273 turns).

Gelion the Grappler (Troll Shapeshifter)           Turns: 12273, Time: 00:29:45

Health: -5/156     AC: 14    Str: 31    XL:     13   Next: 29%
Magic:  12/12      EV: 15    Int:  4    God:    Trog [****..]
Gold:   891        SH:  0    Dex: 14    Spells: 12/12 levels left

rFire   . .          .
                       - Unarmed
rCold   . . .        (shield currently unavailable)
rNeg    . . .        a - melded +0 steam dragon scales
rPois   .            (helmet currently unavailable)
rElec   .            (cloak currently unavailable)
rCorr   .            (gloves unavailable)
SInv    .            (boots unavailable)
Will    .....        v - amulet of regeneration
Stlth   +            m - +5 ring of evasion
HPRegen 2.06/turn    i - +4 ring of protection
MPRegen 0.13/turn

%: no passive effects
@: snake-form
A: constrict, boosted hp, large, unfitting armour, (claws 3), regeneration 1,
(shaggy fur 1), (tough skin 1)
a: Begin Untransformation, Renounce Religion, Berserk, Trog's Hand, Brothers in
Arms


You were on level 5 of the Lair of Beasts.
You worshipped Trog.
Trog was greatly pleased with you.
You were an enormous anaconda.
You visited 3 branches of the dungeon, and saw 16 of its levels.
You also visited: Sewer.

You collected 891 gold pieces.

Inventory:

Missiles
 j - 17 javelins
Armour
 a - +0 steam dragon scales (melded)
 w - a +1 cloak
Jewellery
 b - a ring of protection from cold
 i - a +4 ring of protection (right hand)
 m - a +5 ring of evasion (left hand)
 v - an amulet of regeneration (around neck)
Talismans
 c - a beast talisman
 n - a serpent talisman
Wands
 o - a wand of acid (8)
 t - a wand of flame (31)
 y - a wand of roots (9)
 B - a wand of digging (7)
Scrolls
 e - 4 scrolls of identify
 f - 2 scrolls of revelation
 g - a scroll of enchant armour
 k - 3 scrolls of poison
 p - 2 scrolls of fear
 u - a scroll of enchant weapon
 x - a scroll of fog
 C - 3 scrolls of teleportation
 D - a scroll of silence
 F - a scroll of brand weapon {unknown}
Potions
 d - a potion of cancellation
 h - 3 potions of attraction
 l - 4 potions of curing
 q - 3 potions of mutation
 r - a potion of invisibility
 s - 5 potions of brilliance
 z - a potion of resistance
 A - a potion of berserk rage
 E - a potion of haste


   Skills:
 + Level 8.8 Fighting
 + Level 2.8 Dodging
 * Level 14.5 Unarmed Combat
 * Level 12.6 Shapeshifting


You had 12 spell levels left.
You didn't know any spells.
Your spell library contained the following spells:

 Spells                   Type           Power      Damage    Failure   Level
 Vhi's Electric Charge    Tloc/Air       0%         N/A       86%         3
 Arcjolt                  Conj/Air       0%         1d10      100%        5
 Plasma Beam              Fire/Air       0%         2x1d10    100%        6


Dungeon Overview and Level Annotations

Branches:
Dungeon (10/15)            Temple (1/1) D:6            Lair (5/5) D:8
 Shoals (0/4) Lair:2        Snake (0/4) Lair:2        Sewer (visited)
  Slime: Lair:4-5       Orc: D:9-12

Altars:
Ashenzari
Cheibriados
Dithmenos
Elyvilon
Fedhas
Gozag
Hepliaklqana
Kikubaaqudgha
Makhleb
Nemelex Xobeh
Okawaru
Qazlal
Ru
Sif Muna
Trog
Uskayaw
Vehumet
Wu Jian
Xom
Yredelemnul
Zin
The Shining One

Shops:
D:9 *

Annotations:
D:5 5 runed translucent doors
D:7 2 transporters, Gelion's ghost, novice TrSh
D:10 3 runed translucent doors, Newt's ghost, journeyman KoHu
Lair:2 2 transporters, Wokir's ghost, journeyman DsEn


Innate Abilities, Weirdness & Mutations

You are an enormous anaconda.
You have a powerful constriction melee attack.
Your maximum health is increased.
Your armour is entirely melded.
You are incapable of wielding weapons or throwing items.
You are too large for most types of armour.
((You have claws for hands.))
Your natural rate of healing is unusually fast.
((You are covered in fur. (AC +1)))
((You have tough skin. (AC +1)))


Message History

The yak gores you but does no damage.
The yak gores the plant!
The plant begins to die.
The skyshark barely misses you. x2
The skyshark closely misses you.
You lash the skyshark!
The skyshark is moderately wounded.
You constrict the skyshark! The yak misses you.
The dream sheep shake their wool and sparkle.
You feel drowsy...
You fall asleep.
You lose your grip on the skyshark.
The dream sheep bites the plant!
The yak snorts and paws the ground.
The yak gores the plant! x2; The plant begins to die.
The skyshark bites you!!!
You wake up.
* * * LOW HITPOINT WARNING * * *
The skyshark barely misses you. The skyshark tail-slaps you.
* * * LOW HITPOINT WARNING * * *
You feel sick.
The yak gores the plant!
The yak gores the plant!!
The yak gores the plant!
The skyshark bites you.
* * * LOW HITPOINT WARNING * * *
The skyshark tail-slaps you.
* * * LOW HITPOINT WARNING * * *
The skyshark tail-slaps you but does no damage.
Really quaff the potion of attraction?
Okay, then.
You feel better. The skyshark completely misses you.
The skyshark barely misses you.
The skyshark tail-slaps you but does no damage.
The dream sheep bites you but does no damage.
The yak gores the plant.
The yak gores the plant!
Your surroundings suddenly seem different.
A blink frog and a cane toad come into view.
The cane toad gives a loud, deep croak!
The cane toad barely misses you.
You hit the cane toad. You grab the cane toad.
The cane toad is lightly wounded.
You constrict the cane toad. The cane toad stings you!
* * * LOW HITPOINT WARNING * * *
You lash the cane toad!
The cane toad is moderately wounded.
You constrict the cane toad.
The blink frog blinks!
The cane toad stings you!
You die...

......# #.....
#..... .... #
... # ..#P# #.##
##...
..P...#..#......
.......S..#
......F##.§.....
....... ..#..F.
....... #...###
....... .#..
....#.# ....#
.....# ....# ...
# .. .#


You could see a cane toad and a blink frog.

Vanquished Creatures
  Erica (D:9)
  A centaur warrior (D:10)
  6 death yaks (Lair:2)
  2 wolf spiders (Lair:2)
  A manticore (Lair:2)
  2 oklob plants
  5 black mambas
  Maurice (D:8)
  10 cane toads
  Psyche (D:9)
  A rime drake (Lair:2)
  5 komodo dragons
  A wind drake (Lair:2)
  Grinder (D:5)
  A hornet (Lair:2)
  2 polar bears
  15 blink frogs
  8 dream sheep
  A vampire (D:10)
  5 wyverns
  3 basilisks
  2 steam dragons
  37 yaks
  3 wargs (D:7)
  2 nagas (Lair:2)
  12 water moccasins
  3 orc warriors
  A sky beast (D:7)
  A black bear (D:6)
  2 ice beasts (D:8)
  11 wolves
  2 ogres
  A centaur (D:9)
  2 phantoms (D:7)
  A kobold brigand (D:5)
  10 bullfrogs
  A gnoll sergeant (D:10)
  8 wights
  11 killer bees (D:9)
  3 electric eels
  2 howler monkeys (D:9)
  3 jellies
  3 hounds
  A gnoll bouda (D:5)
  11 orc priests
  3 iguanas
  Terence (D:3)
  13 orc wizards
  A sleepcap (D:6)
  12 gnolls
  15 adders
  2 white imps (D:7)
  An ufetubus (D:5)
  4 dart slugs
  3 worms (D:3)
  36 orcs
  9 bats
  7 endoplasms
  A giant cockroach (D:2)
  11 hobgoblins
  4 jackals
  12 kobolds
  5 ball pythons
  4 frilled lizards
  8 goblins
  2 rats
360 creatures vanquished.

Notes
Turn   | Place    | Note
-------+----------+-------------------------------------------
     0 | D:1      | Gelion the Troll Shapeshifter began the quest for the Orb.
     0 | D:1      | Reached XP level 1. HP: 19/19 MP: 0/0
    96 | D:1      | Reached XP level 2. HP: 28/28 MP: 1/1
   201 | D:1      | You fall into a shaft and drop 1 floor!
  1012 | D:2      | Reached XP level 3. HP: 30/35 MP: 2/2
  1058 | D:2      | Reached skill level 3 in Unarmed Combat
  1074 | D:2      | Reached XP level 4. HP: 42/42 MP: 3/3
  1075 | D:2      | Found a faded altar of an unknown god.
  1225 | D:3      | Found a glowing drain.
  1247 | Sewer    | Entered a sewer
  1280 | Sewer    | Noticed a water moccasin
  1287 | Sewer    | Killed a water moccasin
  1288 | Sewer    | Reached XP level 5. HP: 50/50 MP: 4/4
  1386 | D:3      | Noticed Terence
  1393 | D:3      | Killed Terence
  1394 | D:3      | Reached skill level 4 in Unarmed Combat
  1486 | D:3      | HP: 2/50 [orc priest/divine providence (12)]
  1497 | D:3      | Reached XP level 6. HP: 8/59 MP: 5/5
  3413 | D:5      | Entered Level 5 of the Dungeon
  3421 | D:5      | Reached skill level 5 in Unarmed Combat
  3421 | D:5      | Reached skill level 5 in Shapeshifting
  3421 | D:5      | Reached XP level 7. HP: 67/67 MP: 6/6
  3481 | D:5      | Found a runed translucent gate.
  3485 | D:5      | Found a runed translucent gate.
  3485 | D:5      | Found a runed translucent gate.
  3631 | D:5      | Noticed a redback
  3659 | D:5      | Noticed Grinder
  3660 | D:5      | Paralysed by Grinder for 5 turns
  3679 | D:5      | Killed Grinder
  3680 | D:5      | Reached skill level 6 in Unarmed Combat
  3680 | D:5      | Reached XP level 8. HP: 53/78 MP: 7/7
  3780 | D:5      | Found the +9 staff of Olgreb {rPois∞}
  3807 | D:5      | Found a runed translucent door.
  3825 | D:5      | Found a runed translucent door.
  4500 | D:6      | Reached skill level 7 in Unarmed Combat
  4795 | D:6      | Found a staircase to the Ecumenical Temple.
  4814 | D:6      | Reached XP level 9. HP: 58/83 MP: 8/8
  4838 | Temple   | Entered the Ecumenical Temple
  5209 | D:7      | Reached skill level 8 in Unarmed Combat
  5306 | D:7      | Found a transporter.
  5306 | D:7      | Noticed Gelion's ghost (novice TrSh)
  5306 | D:7      | Noticed a deep elf pyromancer
  5316 | D:7      | Identified the +1 kite shield of Least Resistance {Rampage}
  5392 | D:7      | Reached skill level 5 in Fighting
  5491 | D:7      | Found a transporter.
  6098 | Temple   | Became a worshipper of Trog the Wrathful
  6234 | D:8      | Found a staircase to the Lair.
  6292 | D:7      | Reached skill level 9 in Unarmed Combat
  6387 | D:8      | Noticed Maurice
  6396 | D:8      | Killed Maurice
  6396 | D:8      | Reached * piety under Trog
  6397 | D:8      | Reached XP level 10. HP: 96/96 MP: 9/9
  6720 | D:9      | Found Tiqiq's Assorted Antiques.
  6843 | D:9      | Noticed Erica
  6867 | D:9      | Killed Erica
  6868 | D:9      | Reached skill level 10 in Unarmed Combat
  6949 | D:9      | Reached ** piety under Trog
  7003 | D:9      | Noticed Psyche
  7024 | D:9      | Killed Psyche
  7155 | D:9      | Found an opulent altar of Gozag.
  7659 | D:10     | Entered Level 10 of the Dungeon
  7673 | D:10     | Found an ancient bone altar of Kikubaaqudgha.
  7683 | D:10     | Found a radiant altar of Vehumet.
  7724 | D:10     | Found an iron altar of Okawaru.
  7732 | D:10     | Identified the +9 mace of the Hills {holy, Will- rCorr
                  | Dex+3}
  7946 | D:10     | Found a runed translucent gate.
  7946 | D:10     | Found a runed translucent gate.
  7946 | D:10     | Found a runed translucent gate.
  7960 | D:10     | Reached skill level 11 in Unarmed Combat
  7964 | D:10     | Noticed a spectral wolf spider
  7965 | D:10     | Noticed Newt's ghost (journeyman KoHu)
  8026 | D:10     | Noticed a centaur warrior
  8035 | D:10     | Killed a centaur warrior
  8036 | D:10     | Reached XP level 11. HP: 13/107 MP: 10/10
  8293 | Lair:1   | Entered Level 1 of the Lair of Beasts
  8397 | Lair:1   | Reached skill level 10 in Shapeshifting
  8425 | Lair:1   | Identified the +0 helmet of the Trombone {+Inv rC- Regen+
                  | Int+4}
  8807 | Lair:1   | Reached skill level 12 in Unarmed Combat
  9119 | Lair:2   | Found a staircase to the Snake Pit.
  9136 | Lair:2   | Reached *** piety under Trog
  9299 | Lair:2   | Found a transporter.
  9303 | Lair:2   | Noticed a five-headed hydra
  9304 | Lair:2   | Noticed a five-headed hydra
  9313 | Lair:2   | Noticed Wokir's ghost (journeyman DsEn)
  9328 | Lair:2   | Found a staircase to the Shoals.
  9352 | Lair:2   | Reached XP level 12. HP: 18/118 MP: 11/11
  9419 | Lair:2   | Found a glowing golden altar of the Shining One.
  9456 | Lair:2   | Noticed a death yak
  9456 | Lair:2   | Noticed a death yak
  9459 | Lair:2   | Noticed a death yak
  9460 | Lair:2   | Noticed a death yak
  9460 | Lair:2   | Noticed a death yak
  9661 | Lair:2   | Found a transporter.
  9774 | Lair:2   | Reached skill level 13 in Unarmed Combat
  9795 | Lair:2   | HP: 8/178 [poisoned by a water moccasin]
  9798 | Lair:2   | HP: 2/119 [poisoned by a water moccasin]
 10120 | Lair:2   | Killed a death yak
 10123 | Lair:2   | Noticed a death yak
 10134 | Lair:2   | Killed a death yak
 10269 | Lair:2   | Killed a death yak
 10277 | Lair:2   | Killed a death yak
 10277 | Lair:2   | Reached **** piety under Trog
 10285 | Lair:2   | Killed a death yak
 10294 | Lair:2   | Killed a death yak
 10509 | Lair:3   | Reached skill level 14 in Unarmed Combat
 10938 | Lair:3   | Reached XP level 13. HP: 128/128 MP: 12/12
 11371 | Lair:4   | Identified the +8 war axe of the Delightful God {drain,
                  | rElec rC- Str+8 Dex+5}
 11783 | Lair:4   | Reached ***** piety under Trog
 12148 | Lair:5   | Entered Level 5 of the Lair of Beasts
 12268 | Lair:5   | HP: 4/156 [skyshark (6)]
 12273 | Lair:5   | Slain by a cane toad

Illustrated notes

Levels and vault maps discovered:
D:1:      arrival_zaba_pyramid, layout_basic
D:2:      layout_basic, dreamdust_ecumenical_altar_angels_and_demons
D:3:      layout_basic, cheibrodos_sewer_entry_drain, st_stairs_11, uniq_terence
D:4:      nicolae_BIG_FREAKIN_CUBE, layout_layer_cave
D:5:      layout_basic, minmay_guarded_unrand_staff_of_olgreb, uniq_grinder
D:6:      layout_gridville, minmay_temple_entry_offerings
D:7:      layout_layer_cave, gammafunk_ghost_arena
D:8:      layout_rooms, erik_lair_orcish_takeover, uniq_maurice
D:9:      layout_basic, nicolae_gozag_cash_rules_everything_around_me,
          serial_shops, nicolae_stop_n_shop_1, minmay_misc_feat_alley,
          nicolae_houndstooth_variations, uniq_erica, uniq_psyche
D:10:     layout_stronghold, okawaru_ov_weapons_minmay,
          mainiacjoe_overflow_big_doors, gammafunk_ghost_necromancy
Temple:   dpeg_three_leaves_temple
Lair:1:   layout_regular_city, serial_bayou_pond_c
Lair:2:   minmay_lair_venomous_thicket, layout_cellular_growth,
          minmay_shoals_entry_beasts, guppyfry_snake_entry_island,
          nzn_ghost_randoct, nicolae_quartered_pool_super, lemuel_oklob_altar,
          infiniplex_staircase_pool, lemuel_fruit_tree
Lair:3:   layout_cave_pods, chequers_serial_rivers_room_b
Lair:4:   layout_regular_city
Lair:5:   wormcave, layout_regular_city, hangedman_lair_in_review,
          dpeg_slime_entry_corner, ebering_ghost_funeral_grove,
          serial_bayou_shore_a

Skill      XL: |  1  2  3  4  5  6  7  8  9 10 11 12 |
---------------+-------------------------------------+-----
Fighting       | 2 3 4 5 6 7 8 |  8.8
Unarmed Combat | 3 4 5 6 7 9 11 12 14 | 14.5
Shapeshifting  | 4 5 7 8 9 11 12 | 12.6
Dodging        | 2 |  2.8

Action                     |  1- 3 |  4- 6 |  7- 9 | 10-12 | 13-15 || total
---------------------------+-------+-------+-------+-------+-------++-------
  Melee: Unarmed           |    62 |   124 |   223 |   457 |    83 ||   949
         Punch             |       |     2 |    11 |    23 |       ||    36
         Constrict         |       |       |       |    32 |    18 ||    50
 Invoke: Berserk           |       |       |       |     4 |       ||     4
         Trog's Hand       |       |       |       |     1 |       ||     1
    Use: Potion            |       |     2 |     2 |     3 |     1 ||     8
         Scroll            |       |    15 |     3 |     4 |     2 ||    24
   Stab: Sleeping          |       |     2 |     1 |       |       ||     3
         Distracted        |       |       |     1 |       |       ||     1
         Invisible         |       |       |       |     2 |       ||     2
 Armour: Animal skin       |    26 |    30 |    14 |       |       ||    70
         Skin              |       |     3 |       |    36 |    30 ||    69
         Steam dragon scal |       |       |    50 |   104 |       ||   154
         Robe              |       |       |     3 |       |       ||     3
  Dodge: Dodged            |    25 |    60 |   169 |   303 |    57 ||   614
   Form: Anaconda          |       |       |       |     1 |       ||     1

Table legend: (Time is in decaauts)
 A = Elapsed time spent in this place.
 B = Non-inter-level travel time spent in this place.
 C = Inter-level travel time spent in this place.
 D = Time resting spent in this place.
 E = Time spent auto-exploring this place.
 F = Levels seen in this place.
 G = Mean time per level.
                   A        B        C        D        E       F      G
               +--------+--------+--------+--------+--------+-----+--------+
         Total |  12138 |  11512 |    626 |    130 |   9143 |  17 |  714.0 |
       Dungeon |   7998 |   7551 |    447 |     78 |   6120 |  10 |  799.8 |
        Temple |     96 |     74 |     22 |      0 |     66 |   1 |   96.0 |
          Lair |   3915 |   3759 |    156 |     51 |   2875 |   5 |  783.0 |
         Sewer |    128 |    128 |      0 |      0 |     81 |   1 |  128.0 |
               +--------+--------+--------+--------+--------+-----+--------+

Top non-repeatable levels by time:
  Lair:2: 1283 daAuts
     D:7: 1167 daAuts
     D:4: 1093 daAuts
     D:5: 975 daAuts
     D:3: 963 daAuts
     D:9: 928 daAuts
  Lair:1: 870 daAuts
     D:1: 867 daAuts
  Lair:4: 832 daAuts
  Lair:3: 810 daAuts
     D:6: 624 daAuts
    D:10: 616 daAuts
     D:8: 410 daAuts
     D:2: 352 daAuts
   Sewer: 128 daAuts
